 Dungeon Crawl Stone Soup version 0.20.1-1-g8b1a95d (webtiles) character file.

1834959 IjonTichy1 the Heavyweight Champion (level 27, 300/300 HPs)
             Began as a Troll Monk on Aug 16, 2017.
             Was the Champion of Trog.
             Escaped with the Orb
             ... and 3 runes on Aug 18, 2017!
             The game lasted 03:35:11 (68558 turns).

IjonTichy1 the Heavyweight Champion (Troll Monk)   Turns: 68558, Time: 03:35:12

Health: 300/300    AC: 39    Str: 35    XL:     27
Magic:  22/22      EV: 10    Int: 12    God:    Trog [******]
Gold:   2225       SH: 33    Dex:  7    Spells: 26/26 levels left

rFire    + + .     SeeInvis .     - Unarmed
rCold    . . .     Gourm    +   e - +7 large shield
rNeg     + + +     Faith    .   U - +13 pearl dragon scales of Hytzyff {rPois rN+ Dex-2 Stlth+}
rPois    +         Spirit   .   l - +2 hat
rElec    .         Reflect  +   a - +2 cloak of the First Snow {MR+}
rCorr    .         Harm     .   (gloves unavailable)
MR       ++++.                  (boots unavailable)
Stlth    +.........             n - +4 amulet of reflection
Regen    1.0/turn               R - ring of the Mage {Wiz MR++ Int+3}
MPRegen  0.2/turn               X - ring "Hich" {rF++ rN+++ MR- Int+3 Dex-4}

@: no status effects
A: unfitting armour, claws 3, horns 2, slimy green scales 1, blurry vision 2,
fast metabolism 3, gourmand, regeneration 1, shaggy fur 1, tough skin 2,
evolution 1, no potion heal 1
0: Orb of Zot
}: 3/15 runes: serpentine, barnacled, silver
a: Berserk, Trog's Hand, Brothers in Arms, Burn Spellbooks, Renounce Religion


You escaped.
You worshipped Trog.
Trog was exalted by your worship.
You were full.

You visited 10 branches of the dungeon, and saw 52 of its levels.
You visited the Abyss 1 time.
You visited 1 bazaar.
You also visited: Sewer and Volcano.

You collected 10694 gold pieces.
You spent 8469 gold pieces at shops.

Inventory:

Hand Weapons
 y - the +7 flail "Dulasch" {freeze, Int+2}
   (You found it on level 3 of the Snake Pit)

   It has been specially enchanted to freeze those struck by it, causing extra
   injury to most foes and up to half again as much damage against particularly
   susceptible opponents.
   It can also slow down cold-blooded creatures.
   It affects your intelligence (+2).
Missiles
 f - 108 large rocks (quivered)
Armour
 a - the +2 cloak of the First Snow (worn) {MR+}
   (You found it on level 3 of the Shoals)

   It affects your resistance to hostile enchantments.
 e - a +7 large shield (worn)
 l - a +2 hat (worn)
 U - the +13 pearl dragon scales of Hytzyff (worn) {rPois rN+ Dex-2 Stlth+}
   (You acquired it on level 12 of the Dungeon)

   It affects your dexterity (-2).
   It protects you from poison.
   It protects you from negative energy.
   It makes you more stealthy.
Jewellery
 c - an uncursed ring of protection from cold
 h - the ring "Gafis" {rN+ Int+4 Dex+3}
   (You found it on level 3 of the Elven Halls)

   [ring of dexterity]

   It affects your intelligence (+4).
   It affects your dexterity (+3).
   It protects you from negative energy.
 k - the ring "Beanaham" {*Slow +Fly rN+ EV+4 Slay+3}
   (You bought it in a shop on level 1 of the Depths)

   [ring of evasion]

   It affects your evasion (+4).
   It affects your accuracy and damage with ranged weapons and melee attacks
   (+3).
   It protects you from negative energy.
   It lets you fly.
   It may slow you when you take damage.
 n - a +4 amulet of reflection (around neck)
 o - the ring of Tender Moments {+Inv rPois rN+ Dex+2 Stlth-}
   (You found it on level 3 of the Elven Halls)

   [ring of loudness]

   It affects your dexterity (+2).
   It protects you from poison.
   It protects you from negative energy.
   It lets you turn invisible.
   It makes you less stealthy.
 B - the ring of Moodiness {-Tele rElec rC+++ MP+9 SInv}
   (You took it off a frost giant on level 5 of the Depths)

   [ring of magical power]

   It renders you almost immune to cold.
   It insulates you from electricity.
   It affects your magic capacity (+9).
   It lets you see invisible.
   It prevents most forms of teleportation.
 C - an uncursed ring of resist corrosion
 E - a +4 ring of evasion
 H - an uncursed ring of flight
 N - the ring "Xighunev" {+Inv rPois Int-5 Dex+6 SInv}
   (You bought it in a shop on level 1 of the Depths)

   [ring of see invisible]

   It affects your intelligence (-5).
   It affects your dexterity (+6).
   It protects you from poison.
   It lets you see invisible.
   It lets you turn invisible.
 P - the ring of Leubehim {Int+5 Slay+5}
   (You found it on level 3 of the Elven Halls)

   [ring of intelligence]

   It affects your intelligence (+5).
   It affects your accuracy and damage with ranged weapons and melee attacks
   (+5).
 Q - the ring "Surecoum" {rF+ MR+}
   (You found it on level 4 of the Depths)

   [ring of protection from fire]

   It protects you from fire.
   It affects your resistance to hostile enchantments.
 R - the ring of the Mage (left claw) {Wiz MR++ Int+3}
   (You bought it in a shop in a bazaar)

   [ring of wizardry]

   It improves your spell success rate.
   It affects your intelligence (+3).
   It affects your resistance to hostile enchantments.
 T - the ring "Jafir" {Ice Int+3 Dex+2 Slay+2}
   (You bought it in a shop on level 1 of the Depths)

   [ring of ice]

   It enhances your ice magic.
   It affects your intelligence (+3).
   It affects your dexterity (+2).
   It affects your accuracy and damage with ranged weapons and melee attacks
   (+2).
   It makes you vulnerable to fire.
   It protects you from cold.
 X - the ring "Hich" (right claw) {rF++ rN+++ MR- Int+3 Dex-4}
   (You bought it in a shop on level 1 of the Depths)

   [ring of intelligence]

   It affects your intelligence (+3).
   It affects your dexterity (-4).
   It greatly protects you from fire.
   It renders you almost immune to negative energy.
   It affects your resistance to hostile enchantments.
 Y - the ring of Ethics {-Tele +Fly rC+ Str+3 SInv}
   (You found it on level 3 of the Elven Halls)

   [ring of flight]

   It affects your strength (+3).
   It protects you from cold.
   It lets you see invisible.
   It lets you fly.
   It prevents most forms of teleportation.
Wands
 x - a wand of digging (5/24)
 M - a wand of digging (10/24)
Scrolls
 r - 10 scrolls of teleportation
 t - 10 scrolls of magic mapping
 z - 31 scrolls of remove curse
 A - 8 scrolls of enchant weapon
 D - a scroll of silence
 F - 12 scrolls of identify
 I - 6 scrolls of fear
 L - 13 scrolls of fog
 O - 8 scrolls of blinking
 S - 2 scrolls of summoning
 V - 4 scrolls of holy word
 W - 5 scrolls of brand weapon
Potions
 d - a potion of magic
 g - 6 potions of flight
 i - 18 potions of curing
 j - 16 potions of mutation
 m - 6 potions of might
 p - 7 potions of berserk rage
 s - 2 potions of cancellation
 u - 8 potions of haste
 v - 4 potions of heal wounds
 J - 7 potions of agility
 Z - 4 potions of ambrosia
Miscellaneous
 G - 4 phantom mirrors
Comestibles
 b - 27 bread rations
 q - 9 meat rations
 w - 33 royal jellies
 K - 3 fruits


   Skills:
 + Level 22.2 Fighting
 O Level 27 Throwing
 - Level 12.0 Armour
 - Level 6.3 Dodging
 - Level 1.0 Stealth
 - Level 15.0 Shields
 O Level 27 Unarmed Combat


You had 26 spell levels left.
You didn't know any spells.

Dungeon Overview and Level Annotations

Branches:
Dungeon (15/15)            Temple (0/1) D:7            Lair (6/6) D:11
 Shoals (4/4) Lair:3        Snake (4/4) Lair:3        Slime (0/5) Lair:5
    Orc (2/2) D:12            Elf (3/3) Orc:2        Vaults (5/5) D:14
  Crypt (3/3) Vaults:2       Tomb (0/3) Crypt:3      Depths (5/5) D:15
    Zot (5/5) Depths:5

Altars:
Ashenzari
Cheibriados
Dithmenos
Elyvilon
Fedhas
Hepliaklqana
Kikubaaqudgha
Makhleb
Nemelex Xobeh
Okawaru
Qazlal
Ru
Sif Muna
Trog
Vehumet
Zin
The Shining One

Shops:
D:8 (([*   D:10 (   D:12 %!   Orc:2 (***   Elf:1 :   Elf:3 =}=   Shoals:2 *
Shoals:3 (   Shoals:4 ([[:*   Snake:1 *   Vaults:4 *   Depths:1 *   Depths:2 *
Depths:3 %![*

Portals:
Hell: Depths:1 Depths:2 Depths:3 Depths:4 Depths:5
Abyss: Depths:4
Pandemonium: Depths:3
Ziggurat: Depths:2


Innate Abilities, Weirdness & Mutations

You are too large for most types of armour.
You have claws for hands.
Your metabolism is lightning-fast.
You like to eat raw meat.
Your natural rate of healing is unusually fast.
You are covered in fur. (AC +1)
You have very tough skin. (AC +2)
You have a pair of horns on your head.
You are partially covered in slimy green scales. (AC +2)
Scrolls take you longer to read.
You evolve.
Potions are less effective at restoring your health.


Message History

A Brimstone Fiend comes into view.
You eviscerate the seraph!!! Your headbutt misses the seraph.
The seraph is severely wounded.
You closely miss the seraph. Your headbutt misses the seraph.
The seraph is severely wounded.
You block the seraph's attack. x2
You miss the seraph.
The seraph is severely wounded.
Your surroundings suddenly seem different.
There is a stone staircase leading up here.
You climb upwards.
There is a stone staircase leading down here.
There is a stone staircase leading up here.
HP restored.
You climb upwards.
There is a stone staircase leading down here.
There is an open door here.
There is an open door here.
There is a staircase leading out of the dungeon here.
You have escaped!

#..####''####...# #.#
#..###....###...# #.#
#..##......##...# #.#
#..##......##...# #.#
#..#........#...# #.#
#..#........#...# #.#
#..#...##...#...# #.#
#..#..####..#...# #.#
#..+..+>@'..'...# #.#
#..#..####..#...# #.#
#..#...##...#...#######.#
#..#........#...........#
#..#........#...#########
#..##......##...#
#..##......##..>#
#..###....###..##
#..####''####..#


There were no monsters in sight!

Vanquished Creatures
  11 ancient liches
  A pandemonium lord (D:4)
  3 orbs of fire (Zot:5)
  Mennas (Crypt:3)
  Sojobo (Vaults:3)
  Bai Suzhen (Shoals:3)
  4 curse toes
  2 Killer Klowns
  2 caustic shrikes (Depths:4)
  A bone dragon (Abyss:2)
  15 golden dragons
  A Tzitzimitl (D:3)
  Jorgrun (Depths:4)
  2 electric golems (Zot:5)
  A Hell Sentinel (D:6)
  16 tentacled monstrosities
  7 liches
  10 quicksilver dragons
  24 Orb Guardians
  3 deep elf blademasters
  10 titans
  Frances (Shoals:1)
  2 tentacled starspawn (Abyss:2)
  A deep elf master archer (Elf:3)
  An Executioner (D:10)
  16 death cobs
  8 ancient champions
  12 sphinxes
  12 shadow dragons
  9 tengu reavers
  4 draconian monks
  18 storm dragons
  2 revenants
  6 nagarajas
  Donald (Crypt:2)
  28 frost giants
  17 fire giants
  3 orc warlords
  8 deep elf sorcerers
  3 draconian knights
  17 vault wardens
  2 ghost moths
  8 draconian scorchers
  Aizul (Shoals:1)
  4 draconian shifters
  A frost giant (shapeshifter) (Depths:5)
  10 ghouls
  3 curse skulls (Crypt:3)
  15 ironheart preservers
  6 deep elf elementalists
  A balrug (Depths:1)
  3 spriggan defenders (Depths:4)
  40 very ugly things
  3 caustic shrike skeletons
  3 war gargoyles
  8 draconian annihilators
  The ghost of greenice the Warrior, a journeyman MiFi of Okawaru (Orc:2)
  An entropy weaver (Depths:5)
  A draconian stormcaller (Zot:1)
  31 stone giants
  13 green draconians
  4 deep elf demonologists
  10 red draconians
  10 white draconians
  11 black draconians
  8 vampire knights
  12 purple draconians
  8 yellow draconians
  8 spark wasps
  7 deep elf annihilators
  9 deep elf death magi
  6 merfolk javelineers
  26 ettins
  12 merfolk impalers
  18 fire dragons
  Snorg (D:13)
  11 jiangshi
  7 eidola
  Josephine (D:14)
  8 deep elf high priests
  A fire dragon (shapeshifter) (Depths:4)
  22 ice dragons
  24 ogre magi
  23 yaktaur captains
  34 vault guards
  A quicksilver dragon zombie (Crypt:1)
  12 naga warriors
  12 great orbs of eyes
  A hell beast (Zot:5)
  2 catoblepae
  2 alligator snapping turtles
  7 hydras
  11 rakshasas
  A merfolk avatar (Shoals:1)
  9 anacondas
  7 spriggan air magi
  13 death yaks
  15 centaur warriors
  28 dancing weapons
  8 merfolk aquamancers
  9 death knights
  A two-headed ogre (shapeshifter) (Depths:3)
  84 two-headed ogres
  12 deep troll shamans
  A satyr (Shoals:4)
  12 deep troll earth magi
  A titan zombie (Crypt:1)
  10 vampire magi
  A thrashing horror (Abyss:2)
  3 tengu warriors
  16 naga sharpshooters
  26 deep elf knights
  2 sun demons (Depths:1)
  A storm dragon zombie (Crypt:1)
  5 shock serpents
  A spriggan berserker (Depths:5)
  8 soul eaters
  A fire crab (shapeshifter) (Vaults:5)
  Sonja (D:13)
  A wretched star (Abyss:2)
  6 hell knights
  A shadow wraith (D:14)
  A death drake (shapeshifter) (Vaults:5)
  3 salamander mystics
  26 skeletal warriors
  9 sea snakes
  A storm dragon skeleton (Depths:3)
  A spatial maelstrom (Abyss:2)
  6 unseen horrors
  11 iron trolls
  14 wizards
  2 spark wasp zombies (Depths:5)
  An iron giant zombie (Crypt:1)
  2 glowing orange brains (shapeshifter)
  4 glowing orange brains
  A golden dragon zombie (Vaults:5)
  2 death drakes (Zot:4)
  2 tengu zombies
  2 unseen horrors (shapeshifter)
  A swamp dragon (shapeshifter) (Depths:5)
  A lindwurm (shapeshifter) (Vaults:4)
  10 naga ritualists
  50 deep trolls
  A shadow dragon zombie (Depths:2)
  An infernal demonspawn (D:6)
  60 deep elf magi
  7 flayed ghosts
  A golden dragon skeleton (Crypt:3)
  An iron giant skeleton (Crypt:1)
  9 phantasmal warriors
  15 orc knights
  A stone giant zombie (Vaults:1)
  A sphinx zombie (Depths:2)
  17 deep elf archers
  8 harpies
  A shadow dragon skeleton (Crypt:3)
  12 ironbrand convokers
  7 wolf spiders
  7 mana vipers
  13 necromancers
  The ghost of Mesmaeker13 the Nimble, a novice DEIE of Kikubaaqudgha (D:7)
  2 oklob plants (Shoals:2)
  A wolf spider zombie (D:15)
  23 ugly things
  14 cyclopes
  A frost giant zombie (Crypt:3)
  6 orc sorcerers
  10 manticores
  33 moths of wrath
  6 fauns
  2 worldbinders (Abyss:2)
  A cyclops (shapeshifter) (Depths:4)
  14 salamanders
  2 black mambas (shapeshifter) (Depths:5)
  15 vault sentinels
  A guardian serpent (shapeshifter) (D:14)
  5 toenail golems (Volcano)
  22 black mambas
  A titan simulacrum (Crypt:1)
  6 water nymphs
  11 merfolk sirens
  2 fire giant skeletons (Depths:4)
  7 elephants
  A molten gargoyle (Depths:1)
  Psyche (D:9)
  3 guardian serpents
  12 spiny frogs
  20 naga magi
  A centaur skeleton (D:15)
  An orange demon (Abyss:2)
  2 frost giant skeletons
  2 stone giant skeletons (Crypt:3)
  Joseph (D:13)
  3 smoke demons (Abyss:2)
  A yellow draconian zombie (Zot:4)
  3 gargoyles
  A spiny frog (shapeshifter) (Depths:4)
  2 hellions
  2 yaktaurs (shapeshifter)
  A shock serpent skeleton (Crypt:1)
  5 komodo dragons
  2 kobold demonologists
  A demonic crawler (D:15)
  A yaktaur zombie (Vaults:1)
  A komodo dragon (shapeshifter) (Depths:5)
  2 rime drakes (shapeshifter)
  44 yaktaurs
  5 rime drakes
  A redback zombie (Crypt:3)
  A green draconian skeleton (Crypt:3)
  4 efreet (Zot:4)
  An iron troll zombie (Crypt:1)
  An ice devil (D:6)
  9 freezing wraiths
  2 elves (Depths:3)
  A golden dragon simulacrum (Depths:2)
  6 ancient zymes (Abyss:2)
  2 hellwings
  5 guardian mummies
  37 merfolk
  4 polar bears
  A purple draconian skeleton (Zot:4)
  2 red devils
  23 trolls
  4 tengu conjurers
  2 trolls (shapeshifter)
  A minotaur zombie (Crypt:2)
  A tengu simulacrum (Vaults:5)
  A queen bee (shapeshifter) (Depths:2)
  A jumping spider (shapeshifter) (Depths:4)
  3 harpy zombies
  A polar bear (shapeshifter) (Vaults:2)
  A wind drake (shapeshifter) (Depths:2)
  3 wind drakes
  An alligator zombie (Crypt:1)
  5 hornets
  21 blink frogs
  A hippogriff (shapeshifter) (Depths:4)
  Prince Ribbit (Lair:3)
  An iron dragon simulacrum (Depths:3)
  3 spriggan zombies
  31 slime creatures
  3 bog bodies
  9 small abominations
  2 death drake skeletons
  10 large abominations
  4 raiju (Abyss:2)
  6 dream sheep (Lair:6)
  15 hippogriffs
  An ettin zombie (Vaults:5)
  8 snapping turtles
  5 flying skulls (Crypt:3)
  A redback (shapeshifter) (Depths:5)
  5 vampires
  A frost giant simulacrum (Depths:2)
  2 ynoxinuls
  A shadow (Crypt:3)
  The ghost of Mesmaeker13 the Magician, an amateur DEIE (D:5)
  4 wyverns
  An ice dragon skeleton (Crypt:1)
  23 yaks
  A spriggan (shapeshifter) (Vaults:4)
  6 air elementals
  A spriggan skeleton (Depths:2)
  2 spriggans
  A tarantella (shapeshifter) (Depths:2)
  22 water elementals
  10 wraiths
  A wyvern (shapeshifter) (Depths:2)
  2 yaks (shapeshifter)
  6 fire elementals
  4 hogs (D:7)
  2 humans
  2 fire bats (Depths:1)
  A golden eye (shapeshifter) (Vaults:2)
  A chaos spawn (Depths:3)
  A steam dragon (D:8)
  3 basilisks
  6 neqoxecs
  4 vampire mosquitoes (D:13)
  A yaktaur simulacrum (Vaults:3)
  An insubstantial wisp (Abyss:2)
  12 wargs
  5 acid dragons
  52 nagas
  A deep troll zombie (Vaults:5)
  15 water moccasins
  2 porcupines (shapeshifter)
  7 porcupines
  Purgy (Sewer)
  8 hell hounds
  A floating eye (Depths:4)
  5 ice beasts
  A hornet zombie (D:15)
  2 black bears
  The ghost of equalderp2856 the Shield-Bearer, an amateur MiFi (D:3)
  An eye of draining (Depths:1)
  39 orc warriors
  An ogre (shapeshifter) (Vaults:4)
  A sky beast (D:8)
  5 necrophages
  A phantom (D:7)
  56 ogres
  A snapping turtle skeleton (Abyss:2)
  4 boggarts
  28 wolves
  30 centaurs
  9 crocodiles
  A komodo dragon zombie (Crypt:1)
  An octopode zombie (Crypt:2)
  2 big kobolds (D:11)
  21 bullfrogs
  A wyvern zombie (D:13)
  An elf skeleton (Crypt:3)
  A deep troll simulacrum (Vaults:1)
  A water moccasin zombie (D:7)
  2 human simulacra
  A cyclops zombie (Crypt:3)
  2 earth elementals
  A wyvern skeleton (D:14)
  A troll zombie (Crypt:1)
  A hornet simulacrum (D:15)
  11 killer bees
  2 scorpions
  16 wights
  4 howler monkeys
  5 crimson imps
  2 quasits
  6 starcursed masses (Abyss:2)
  2 bullfrog zombies
  15 hounds
  11 jellies
  3 bullfrog skeletons
  3 centaur zombies
  A human zombie (Crypt:3)
  19 orc priests
  A porcupine zombie (Crypt:1)
  2 iguanas
  A demonspawn skeleton (Crypt:2)
  2 gnoll shamans
  30 orc wizards
  Terence (D:2)
  9 worker ants
  A killer bee zombie (D:10)
  An acid dragon skeleton (Crypt:1)
  2 spectral hounds (Depths:3)
  A tengu skeleton (Abyss:2)
  A hound skeleton (D:11)
  2 worker ant zombies
  Robin (D:3)
  11 gnolls
  An adder (shapeshifter) (Depths:5)
  19 adders
  2 howler monkey skeletons
  An ogre simulacrum (Crypt:3)
  A river rat (Lair:6)
  8 shadow imps
  2 white imps (Abyss:2)
  An ufetubus (Abyss:2)
  An ooze (Lair:5)
  A worm zombie (Crypt:2)
  An adder zombie (D:7)
  6 worms
  A dart slug (D:1)
  7 leopard geckos
  101 orcs
  3 giant cockroaches
  16 goblins
  8 hobgoblins
  8 jackals
  7 quokkas
  2 ball pythons
  7 bats
  8 frilled lizards
  A gnoll zombie (Crypt:1)
  23 kobolds
  A kobold zombie (Crypt:2)
  2 leopard gecko skeletons
  An orc skeleton (Crypt:1)
  A quokka skeleton (D:8)
  6 rats
  2 rat zombies (D:6)
  2 crawling corpses (Elf:3)
  A plant (Shoals:2)
  A starspawn tentacle (Abyss:2)
2777 creatures vanquished.

Vanquished Creatures (collateral kills)
  2 tentacled monstrosities (Vaults:5)
  A tengu reaver (Vaults:5)
  A storm dragon (Vaults:5)
  Ilsuiw (Shoals:4)
  2 vault wardens
  2 ironheart preservers
  A merfolk javelineer (Shoals:4)
  A deep elf high priest (Vaults:5)
  An ice dragon (Depths:5)
  A fire dragon (D:13)
  A naga warrior (Snake:3)
  A spriggan air mage (Depths:5)
  2 merfolk aquamancers (Shoals:4)
  2 ogre magi
  3 two-headed ogres (Vaults:4)
  2 naga sharpshooters (Snake:3)
  An unseen horror (D:13)
  A harpy (Vaults:4)
  A merfolk siren (Shoals:4)
  An elephant (shapeshifter) (Vaults:5)
  A guardian serpent (Snake:3)
  A vault sentinel (Vaults:4)
  2 yaktaurs (Vaults:5)
  A merfolk (Shoals:4)
  A basilisk (D:13)
  A naga (Snake:3)
  An ice beast (D:13)
  4 ogres
  A bullfrog zombie (D:12)
41 creatures vanquished.

Vanquished Creatures (others)
  3 deep elf master archers (Elf:3)
  A fire giant (Depths:5)
  A deep elf sorcerer (Elf:3)
  A merfolk javelineer (Shoals:4)
  5 yaktaur captains
  A naga warrior (Snake:4)
  A centaur warrior (Vaults:2)
  A satyr (Shoals:4)
  5 naga sharpshooters
  A deep elf knight (Elf:3)
  2 deep elf archers
  A glowing orange brain (Vaults:2)
  An ironbrand convoker (Vaults:5)
  2 cyclopes (Depths:3)
  2 fauns
  2 moths of wrath (Zot:4)
  A manticore (Shoals:3)
  A naga mage (Snake:4)
  11 yaktaurs
  2 nagas
  An orc warrior (Vaults:2)
  A boggart (Depths:2)
  2 centaurs
  2 fungi
  35 plants
  13 starspawn tentacles (Abyss:2)
99 creatures vanquished.

Grand Total: 2917 creatures vanquished

Notes
Turn   | Place    | Note
-------+----------+-------------------------------------------
     0 | D:1      | IjonTichy1 the Troll Monk began the quest for the Orb.
     0 | D:1      | Reached XP level 1. HP: 22/22 MP: 0/0
   219 | D:1      | Reached XP level 2. HP: 29/29 MP: 1/1
   440 | D:1      | Reached skill level 1 in Throwing
   685 | D:2      | Reached XP level 3. HP: 31/36 MP: 2/2
  1206 | D:2      | Noticed Terence
  1217 | D:2      | Killed Terence
  1217 | D:2      | Reached XP level 4. HP: 45/45 MP: 3/3
  1327 | D:2      | Found a faded altar of an unknown god.
  1529 | D:3      | Found a sparkling altar of Nemelex Xobeh.
  1550 | D:3      | Noticed equalderp2856's ghost (amateur MiFi)
  1597 | D:3      | Found a shattered altar of Ashenzari.
  2084 | D:3      | Found a glowing drain.
  2113 | Sewer    | Entered a sewer
  2338 | Sewer    | Noticed Purgy
  2365 | Sewer    | Gained mutation: You have large cloven feet. [potion of mutation]
  2365 | Sewer    | Gained mutation: You are partially covered in molten scales. (AC +2) [potion of mutation]
  2366 | Sewer    | Killed Purgy
  2366 | Sewer    | Reached XP level 5. HP: 17/54 MP: 4/4
  2470 | D:3      | Found a sacrificial altar of Ru.
  2632 | D:3      | Killed equalderp2856's ghost
  2632 | D:3      | Reached XP level 6. HP: 52/62 MP: 5/5
  2827 | D:3      | Found a glowing golden altar of the Shining One.
  2917 | D:3      | Noticed Robin
  2933 | D:3      | Killed Robin
  2973 | D:3      | Found a burning altar of Makhleb.
  3248 | D:4      | Found a shadowy altar of Dithmenos.
  3307 | D:4      | Found a bloodstained altar of Trog.
  3310 | D:4      | Became a worshipper of Trog the Wrathful
  3310 | D:4      | Reached * piety under Trog
  3310 | D:4      | Reached ** piety under Trog
  3362 | D:4      | Found an iron altar of Okawaru.
  3408 | D:4      | Found a blossoming altar of Fedhas.
  3430 | D:4      | Reached skill level 5 in Unarmed Combat
  3430 | D:4      | Reached XP level 7. HP: 68/71 MP: 6/6
  3983 | D:4      | Found a burning altar of Makhleb.
  4094 | D:5      | Entered Level 5 of the Dungeon
  4094 | D:5      | Found a white marble altar of Elyvilon.
  4160 | D:5      | Reached skill level 5 in Fighting
  4174 | D:5      | Noticed Mesmaeker13's ghost (amateur DEIE)
  4185 | D:5      | Killed Mesmaeker13's ghost
  4185 | D:5      | Reached XP level 8. HP: 59/80 MP: 7/7
  4228 | D:5      | Found a glowing silver altar of Zin.
  4387 | D:5      | Reached skill level 5 in Throwing
  4438 | D:5      | Reached *** piety under Trog
  4957 | D:6      | Found a stormy altar of Qazlal.
  5077 | D:6      | Found an ancient bone altar of Kikubaaqudgha.
  5224 | D:6      | Reached XP level 9. HP: 91/91 MP: 8/8
  5672 | D:7      | Noticed Mesmaeker13's ghost (novice DEIE)
  5675 | D:7      | Reached **** piety under Trog
  5684 | D:7      | Killed Mesmaeker13's ghost
  5961 | D:7      | Found a staircase to the Ecumenical Temple.
  6205 | D:7      | Reached XP level 10. HP: 77/102 MP: 9/9
  6463 | D:8      | Noticed a two-headed ogre
  6477 | D:8      | Killed a two-headed ogre
  6477 | D:8      | Received a gift from Trog
  6548 | D:8      | Noticed a two-headed ogre
  6557 | D:8      | Killed a two-headed ogre
  6557 | D:8      | Reached skill level 10 in Unarmed Combat
  6782 | D:8      | Received a gift from Trog
  6791 | D:8      | Noticed a two-headed ogre
  6803 | D:8      | Killed a two-headed ogre
  6861 | D:8      | Reached XP level 11. HP: 113/113 MP: 10/10
  6993 | D:8      | Found Heulau's Armour Emporium.
  7034 | D:8      | Found Daizujil's Assorted Antiques.
  7167 | D:8      | Noticed a two-headed ogre
  7174 | D:8      | Killed a two-headed ogre
  7374 | D:8      | Found a deep blue altar of Sif Muna.
  7426 | D:8      | Found Guopteha's Antique Weapon Shoppe.
  7452 | D:8      | Found Kuogom's Weapon Shoppe.
  7681 | D:9      | Noticed a two-headed ogre
  7687 | D:9      | Killed a two-headed ogre
  7736 | D:9      | Noticed Psyche
  7745 | D:9      | Killed Psyche
  8091 | D:9      | Found a radiant altar of Vehumet.
  8091 | D:9      | Noticed a two-headed ogre
  8099 | D:9      | Killed a two-headed ogre
  8289 | D:10     | Entered Level 10 of the Dungeon
  8294 | D:10     | Reached ***** piety under Trog
  8558 | D:10     | Reached skill level 1 in Armour
  8591 | D:10     | Noticed Joseph
  8596 | D:10     | Killed an unseen horror
  8714 | D:10     | Found Onanufum's Weapon Boutique.
  8852 | D:11     | Noticed a two-headed ogre
  8857 | D:11     | Killed a two-headed ogre
  8861 | D:11     | Received a gift from Trog
  8959 | D:11     | Noticed a death yak
  8984 | D:11     | Killed a death yak
  9234 | D:11     | Found a staircase to the Lair.
  9474 | D:11     | Reached skill level 5 in Dodging
  9474 | D:11     | Reached XP level 12. HP: 114/123 MP: 11/11
  9527 | D:11     | Noticed a two-headed ogre
  9536 | D:11     | Killed a two-headed ogre
  9702 | D:11     | Reached skill level 5 in Armour
 10064 | D:12     | Noticed a seven-headed hydra
 10067 | D:12     | Killed an eight-headed hydra
 10122 | D:12     | Found a staircase to the Orcish Mines.
 10284 | D:12     | Found Ciczeu's Distillery.
 10432 | D:12     | Found Iduaku's Food Emporium.
 10451 | D:12     | Identified a scroll of acquirement
 10454 | D:12     | Got faintly glowing pearl dragon scales
 10455 | D:12     | Identified the +13 pearl dragon scales of Hytzyff {rPois rN+ Dex-2 Stlth+} (You acquired it on level 12 of the Dungeon)
 10715 | D:12     | Received a gift from Trog
 10978 | D:13     | Noticed Sonja
 10979 | D:13     | Killed Sonja
 11167 | D:13     | Killed Joseph
 11450 | D:13     | Noticed a two-headed ogre
 11463 | D:13     | Killed a two-headed ogre
 11640 | D:13     | Noticed Snorg
 11647 | D:13     | Killed Snorg
 11647 | D:13     | Reached XP level 13. HP: 117/131 MP: 12/12
 11872 | D:13     | Noticed a fire dragon
 11886 | D:13     | Killed a fire dragon
 11890 | D:13     | Received a gift from Trog
 12437 | D:14     | Found a shadowy altar of Dithmenos.
 12492 | D:14     | Reached skill level 10 in Armour
 12630 | D:14     | Reached skill level 10 in Throwing
 12882 | D:14     | Noticed Josephine
 12905 | D:14     | Killed Josephine
 13081 | D:14     | Found a gate to the Vaults.
 13252 | D:15     | Entered Level 15 of the Dungeon
 13333 | D:15     | Reached skill level 10 in Fighting
 13450 | D:15     | Reached XP level 14. HP: 139/143 MP: 13/13
 13461 | D:15     | Found a snail-covered altar of Cheibriados.
 13504 | D:15     | Received a gift from Trog
 13843 | D:15     | Found a staircase to the Depths.
 13843 | D:15     | Noticed a frost giant
 13852 | D:15     | Killed a frost giant
 14703 | Orc:1    | Entered Level 1 of the Orcish Mines
 14793 | Orc:1    | Received a gift from Trog
 14953 | Orc:1    | Noticed an orc warlord
 15087 | Orc:1    | Killed an orc warlord
 15230 | Orc:1    | Paralysed by an orc sorcerer for 4 turns
 15360 | Orc:2    | Entered Level 2 of the Orcish Mines
 15372 | Orc:2    | Received a gift from Trog
 15811 | Orc:1    | Received a gift from Trog
 15978 | Orc:2    | Found Gauja Boxu's Weapon Shop.
 15988 | Orc:2    | Found Wooseuth's General Store.
 15993 | Orc:2    | Found Kafuxiol's General Store.
 15994 | Orc:2    | Found Faisuuc's General Store.
 16024 | Orc:2    | Reached XP level 15. HP: 100/153 MP: 14/14
 16276 | Orc:2    | Found a staircase to the Elven Halls.
 16487 | Orc:2    | Noticed greenice's ghost (journeyman MiFi)
 16508 | Orc:2    | Killed greenice's ghost
 16842 | Orc:1    | Paralysed by an orc sorcerer for 7 turns
 17182 | Orc:2    | Bought a +0 large shield for 63 gold pieces
 17314 | Lair:1   | Entered Level 1 of the Lair of Beasts
 17367 | Lair:1   | Reached skill level 1 in Shields
 18294 | Lair:2   | Received a gift from Trog
 18717 | Lair:3   | Noticed Prince Ribbit
 18736 | Lair:3   | Killed Prince Ribbit
 18822 | Lair:3   | Found a staircase to the Shoals.
 18895 | Lair:3   | Reached skill level 5 in Shields
 19043 | Lair:3   | Found a staircase to the Snake Pit.
 19324 | Lair:4   | Found a dark tunnel.
 19345 | Volcano  | Entered a volcano
 19781 | Lair:4   | Received a gift from Trog
 19813 | Lair:4   | Reached ****** piety under Trog
 20335 | Lair:5   | Found a staircase to the Slime Pits.
 20620 | Lair:5   | Received a gift from Trog
 21061 | Lair:6   | Entered Level 6 of the Lair of Beasts
 21351 | Lair:6   | Received a gift from Trog
 21351 | Lair:6   | Reached XP level 16. HP: 153/162 MP: 15/15
 21856 | Lair:6   | Found an ancient bone altar of Kikubaaqudgha.
 22237 | Lair:6   | Reached skill level 10 in Shields
 22482 | Snake:1  | Entered Level 1 of the Snake Pit
 22830 | Snake:1  | Received a gift from Trog
 23190 | Snake:1  | Found Cekef's Assorted Antiques.
 23198 | Snake:1  | Bought a scroll of enchant armour for 172 gold pieces
 23411 | Snake:1  | Received a gift from Trog
 23663 | Snake:2  | Received a gift from Trog
 24701 | Snake:3  | Received a gift from Trog
 24819 | Snake:3  | Reached XP level 17. HP: 170/170 MP: 16/16
 24915 | Snake:3  | Got an iridescent flail
 24916 | Snake:3  | Identified the +7 flail "Dulasch" {freeze, Int+2} (You found it on level 3 of the Snake Pit)
 25333 | Snake:4  | Entered Level 4 of the Snake Pit
 25902 | Snake:4  | Received a gift from Trog
 26347 | Snake:4  | Received a gift from Trog
 26839 | Snake:4  | Received a gift from Trog
 27335 | Snake:4  | Received a gift from Trog
 27338 | Snake:4  | Got an ebony quick blade {god gift}
 27339 | Snake:4  | Identified the +12 quick blade "Sed Kar Furr" {freeze, rF+} (Trog gifted it to you on level 4 of the Snake Pit)
 27600 | Snake:4  | Reached skill level 15 in Shields
 27907 | Snake:4  | Got a serpentine rune of Zot
 28129 | Shoals:1 | Entered Level 1 of the Shoals
 28595 | Shoals:1 | Noticed Aizul
 28612 | Shoals:1 | Killed Aizul
 28616 | Shoals:1 | Received a gift from Trog
 28673 | Shoals:1 | Noticed Frances
 28693 | Shoals:1 | Killed Frances
 28738 | Shoals:1 | Reached XP level 18. HP: 129/179 MP: 17/17
 29202 | Shoals:2 | Received a gift from Trog
 29406 | Shoals:2 | Reached skill level 15 in Unarmed Combat
 29770 | Shoals:2 | Found Himef's General Store.
 30096 | Shoals:3 | Noticed Bai Suzhen
 30126 | Shoals:3 | Killed Bai Suzhen
 30280 | Shoals:3 | Found Hasmeser's Weapon Shop.
 30429 | Shoals:3 | Got a fine cloak
 30430 | Shoals:3 | Identified the +2 cloak of the First Snow {MR+} (You found it on level 3 of the Shoals)
 30671 | Shoals:4 | Entered Level 4 of the Shoals
 30671 | Shoals:4 | Found Omiel's Antique Weapon Boutique.
 30695 | Shoals:4 | Found Quive's Book Shoppe.
 30705 | Shoals:4 | Noticed Ilsuiw
 30740 | Shoals:4 | Killed Ilsuiw
 30744 | Shoals:4 | Received a gift from Trog
 31027 | Shoals:4 | Found Huuqah's Armour Emporium.
 31162 | Shoals:4 | Received a gift from Trog
 31181 | Shoals:4 | Got a scorched copper ring
 31182 | Shoals:4 | Identified the ring of Ublirow {Str+2 Dex+3 SInv Stlth+} (You took it off a merfolk on level 4 of the Shoals)
 31240 | Shoals:4 | Found Zuhed's Antique Armour Emporium.
 31250 | Shoals:4 | Bought a faintly glowing cloak for 332 gold pieces
 31259 | Shoals:4 | Identified the cursed +0 cloak "Pagrol" {MR+} (You bought it in a shop on level 4 of the Shoals)
 31397 | Shoals:4 | Got a barnacled rune of Zot
 31635 | Shoals:4 | Found Zusana's Assorted Antiques.
 32162 | Vaults:1 | Entered Level 1 of the Vaults
 32288 | Vaults:1 | Received a gift from Trog
 32605 | Vaults:1 | Cast into level 2 of the Abyss (a wizard)
 32605 | Abyss:2  | Found a corrupted altar of Lugonu.
 32689 | Abyss:2  | Gained mutation: You occasionally shout uncontrollably at your foes. [a neqoxec]
 32874 | Abyss:2  | Reached XP level 19. HP: 177/187 MP: 18/18
 33342 | Abyss:2  | Noticed a bone dragon
 33359 | Abyss:2  | Killed a bone dragon
 33361 | Vaults:1 | Escaped the Abyss
 33379 | Vaults:1 | Received a gift from Trog
 33669 | Vaults:1 | Received a gift from Trog
 34134 | Vaults:2 | Found a flickering gateway to a bazaar.
 34154 | Bazaar   | Entered a bazaar
 34156 | Bazaar   | Found Cioxuec's Jewellery Boutique.
 34160 | Bazaar   | Found Xoucy's Assorted Antiques.
 34160 | Bazaar   | Found Fowiock's Armour Boutique.
 34160 | Bazaar   | Found Viton's Weapon Boutique.
 34203 | Bazaar   | Bought the ring of the Mage {Wiz MR++ Int+3} for 930 gold pieces
 34229 | Bazaar   | Bought a scroll of enchant armour for 217 gold pieces
 34247 | Bazaar   | Bought an uncursed ring of protection from cold for 450 gold pieces
 34538 | Vaults:2 | Received a gift from Trog
 34838 | Vaults:2 | Found a staircase to the Crypt.
 35687 | Vaults:2 | Reached XP level 20. HP: 196/196 MP: 19/19
 36060 | Vaults:3 | Received a gift from Trog
 37076 | Vaults:3 | Noticed Sojobo
 37135 | Vaults:3 | Killed Sojobo
 37912 | Vaults:4 | Received a gift from Trog
 38066 | Vaults:4 | Found Ymoryol's Assorted Antiques.
 38081 | Vaults:4 | Bought a scroll of enchant armour for 225 gold pieces
 38278 | Vaults:4 | Received a gift from Trog
 39003 | Vaults:4 | Reached XP level 21. HP: 170/202 MP: 20/20
 39006 | Vaults:4 | Received a gift from Trog
 39711 | Vaults:5 | Entered Level 5 of the Vaults
 39711 | Vaults:5 | Noticed a golden dragon
 39819 | Vaults:5 | Noticed an ancient lich
 40093 | Vaults:5 | Noticed a golden dragon
 40374 | Vaults:4 | Killed an ancient lich
 40374 | Vaults:4 | Received a gift from Trog
 40376 | Vaults:4 | Killed a golden dragon
 40595 | Vaults:5 | Noticed a golden dragon
 40609 | Vaults:5 | Killed a golden dragon
 40807 | Vaults:5 | Received a gift from Trog
 40937 | Vaults:5 | Received a gift from Trog
 41143 | Vaults:5 | Reached XP level 22. HP: 211/211 MP: 21/21
 41703 | Vaults:5 | Received a gift from Trog
 41713 | Vaults:5 | Killed a golden dragon
 41978 | Vaults:5 | Received a gift from Trog
 42495 | Vaults:5 | Got a silver rune of Zot
 42947 | Vaults:5 | Identified the Handbook of the Unstoppable Deaths
 43196 | Crypt:1  | Entered Level 1 of the Crypt
 43461 | Crypt:1  | Received a gift from Trog
 43834 | Crypt:1  | Received a gift from Trog
 44049 | Crypt:2  | Reached skill level 27 in Unarmed Combat
 44152 | Crypt:2  | Reached XP level 23. HP: 218/219 MP: 22/22
 44172 | Crypt:2  | Noticed Donald
 44180 | Crypt:2  | Killed Donald
 44570 | Crypt:3  | Entered Level 3 of the Crypt
 45133 | Crypt:3  | Found a staircase to the Tomb.
 45258 | Crypt:3  | Noticed Mennas
 45315 | Crypt:3  | Killed Mennas
 45402 | Crypt:3  | Received a gift from Trog
 45637 | Crypt:3  | Received a gift from Trog
 46009 | Crypt:3  | Reached skill level 15 in Throwing
 46048 | Crypt:3  | Noticed an ancient lich
 46080 | Crypt:3  | Killed an ancient lich
 46173 | Crypt:3  | Got a dazzling flail
 46175 | Crypt:3  | Identified the +2 flail "Ufial" {flame, Int+4} (You found it on level 3 of the Crypt)
 46558 | Elf:1    | Entered Level 1 of the Elven Halls
 46825 | Elf:1    | Found Meerrai's Book Shop.
 47050 | Elf:1    | Received a gift from Trog
 47442 | Elf:1    | Received a gift from Trog
 47621 | Elf:1    | Received a gift from Trog
 47967 | Elf:2    | Found a runed gate.
 47967 | Elf:2    | Found a runed gate.
 47968 | Elf:2    | Found a runed gate.
 48363 | Elf:2    | Reached XP level 24. HP: 228/228 MP: 22/22
 48410 | Elf:2    | Received a gift from Trog
 48672 | Elf:3    | Entered Level 3 of the Elven Halls
 48738 | Elf:3    | Received a gift from Trog
 49025 | Elf:3    | Found a deep blue altar of Sif Muna.
 49101 | Elf:3    | Found Tocoal's Jewellery Shop.
 49101 | Elf:3    | Found Bura's Gadget Shoppe.
 49102 | Elf:3    | Found Vemmol's Jewellery Shop.
 49108 | Elf:3    | Bought an uncursed amulet of rage for 800 gold pieces
 49729 | Elf:3    | Received a gift from Trog
 49907 | Elf:3    | Identified Kikiarchi's Compendium of Unstable Attacks
 49942 | Elf:3    | Got a coiled pewter ring
 49959 | Elf:3    | Identified the Guide on Warped Flight
 50052 | Elf:3    | Identified the Guide on Conjuration and the Birds
 50076 | Elf:3    | Got a transparent gossamer ring
 50078 | Elf:3    | Identified the ring "Gafis" {rN+ Int+4 Dex+3} (You found it on level 3 of the Elven Halls)
 50088 | Elf:3    | Got a sparkling glass ring
 50090 | Elf:3    | Identified the ring of Leubehim {Int+5 Slay+5} (You found it on level 3 of the Elven Halls)
 50101 | Elf:3    | Got a crude ivory ring
 50103 | Elf:3    | Identified the ring of Ethics {-Tele +Fly rC+ Str+3 SInv} (You found it on level 3 of the Elven Halls)
 50278 | Elf:3    | Identified the ring of Tender Moments {+Inv rPois rN+ Dex+2 Stlth-} (You found it on level 3 of the Elven Halls)
 50520 | Depths:1 | Entered Level 1 of the Depths
 50602 | Depths:1 | Got a brightly glowing cloak
 50603 | Depths:1 | Identified the +0 cloak of Hangman {*Corrode rC+ Int+5} (You found it on level 1 of the Depths)
 50907 | Depths:1 | Found Qer Own's Antique Artefacts.
 50920 | Depths:1 | Bought a steaming wooden ring for 180 gold pieces
 50920 | Depths:1 | Bought a serpentine sapphire amulet for 180 gold pieces
 50920 | Depths:1 | Bought a scintillating turquoise ring for 180 gold pieces
 50920 | Depths:1 | Bought a flickering marble ring for 180 gold pieces
 50920 | Depths:1 | Bought a coiled glass ring for 180 gold pieces
 50924 | Depths:1 | Identified the amulet "Eckierih" {Faith Str+3} (You bought it in a shop on level 1 of the Depths)
 51108 | Depths:1 | Received a gift from Trog
 51273 | Depths:1 | Identified the ring "Beanaham" {*Slow +Fly rN+ EV+4 Slay+3} (You bought it in a shop on level 1 of the Depths)
 51275 | Depths:1 | Identified the ring "Xighunev" {+Inv rPois Int-5 Dex+6 SInv} (You bought it in a shop on level 1 of the Depths)
 51277 | Depths:1 | Identified the ring "Jafir" {Ice Int+3 Dex+2 Slay+2} (You bought it in a shop on level 1 of the Depths)
 51279 | Depths:1 | Identified the ring "Hich" {rF++ rN+++ MR- Int+3 Dex-4} (You bought it in a shop on level 1 of the Depths)
 52224 | Depths:1 | Found a gateway to Hell.
 52281 | Depths:2 | Received a gift from Trog
 52298 | Depths:2 | Reached XP level 25. HP: 236/236 MP: 22/22
 52429 | Depths:2 | Paralysed by a lich for 2 turns
 52600 | Depths:2 | Found a gateway to a ziggurat.
 52618 | Depths:2 | Found Guh Beoli's General Store.
 52625 | Depths:2 | Bought a scroll of acquirement for 780 gold pieces
 52628 | Depths:2 | Got spiked shadow dragon scales
 52629 | Depths:2 | Identified the +4 shadow dragon scales "Muxaimeb" {rC- Dex+4 Stlth++++} (You acquired it on level 2 of the Depths)
 52720 | Depths:2 | Paralysed by a lich for 6 turns
 53087 | Depths:2 | Received a gift from Trog
 53254 | Depths:2 | Received a gift from Trog
 53959 | Depths:2 | Received a gift from Trog
 54514 | Depths:3 | Found a one-way gate leading to the halls of Pandemonium.
 54805 | Depths:4 | Noticed Jorgrun
 54818 | Depths:4 | Killed Jorgrun
 55273 | Depths:4 | Found a one-way gate to the infinite horrors of the Abyss.
 55643 | Depths:4 | Received a gift from Trog
 55668 | Depths:4 | Reached XP level 26. HP: 118/244 MP: 22/22
 55906 | Depths:4 | Received a gift from Trog
 56510 | Depths:4 | Got a bound wooden ring
 56511 | Depths:4 | Identified the ring "Surecoum" {rF+ MR+} (You found it on level 4 of the Depths)
 57674 | Snake:1  | Received a gift from Trog
 58572 | Depths:3 | Found The Legendary Xyudunka's Legendary Smithy.
 58623 | Depths:3 | Found Jack's Jerk-a-riffic Jerky.
 58675 | Depths:3 | Found Naolloca's Miraculous Elixirs.
 58785 | Depths:3 | Bought a potion of mutation for 400 gold pieces
 58785 | Depths:3 | Bought a potion of mutation for 400 gold pieces
 58785 | Depths:3 | Bought a potion of mutation for 400 gold pieces
 58785 | Depths:3 | Bought a potion of mutation for 400 gold pieces
 58785 | Depths:3 | Bought a potion of mutation for 400 gold pieces
 58785 | Depths:3 | Bought a potion of mutation for 400 gold pieces
 58785 | Depths:3 | Bought a potion of mutation for 400 gold pieces
 58785 | Depths:3 | Bought a potion of mutation for 400 gold pieces
 58785 | Depths:3 | Bought a potion of mutation for 400 gold pieces
 58807 | Depths:3 | Found Onauj's Slaves and Accessories.
 59005 | Depths:5 | Entered Level 5 of the Depths
 59143 | Depths:4 | Received a gift from Trog
 59507 | Depths:5 | Received a gift from Trog
 59658 | Depths:5 | Noticed an ancient lich
 59671 | Depths:5 | Killed an ancient lich
 59671 | Depths:5 | Reached XP level 27. HP: 243/252 MP: 22/22
 59683 | Depths:5 | Found a gate to the Realm of Zot.
 59697 | Depths:5 | Got a flickering pewter ring
 59698 | Depths:5 | Identified the ring of Moodiness {-Tele rElec rC+++ MP+9 SInv} (You took it off a frost giant on level 5 of the Depths)
 59957 | Depths:5 | Received a gift from Trog
 60956 | Zot:1    | Entered Level 1 of the Realm of Zot
 61506 | Zot:1    | Received a gift from Trog
 61805 | Zot:2    | Reached skill level 27 in Throwing
 63641 | Zot:3    | Received a gift from Trog
 64397 | Zot:3    | Reached skill level 15 in Fighting
 64983 | Zot:4    | Noticed an ancient lich
 64992 | Zot:4    | Killed an ancient lich
 65254 | Zot:4    | Received a gift from Trog
 65350 | Zot:4    | Noticed an ancient lich
 65350 | Zot:4    | Killed an ancient lich
 65564 | Zot:4    | Received a gift from Trog
 65684 | Zot:4    | Received a gift from Trog
 66463 | Zot:5    | Entered Level 5 of the Realm of Zot
 66495 | Zot:5    | Received a gift from Trog
 66986 | Zot:5    | Received a gift from Trog
 67061 | Zot:5    | Noticed an ancient lich
 67071 | Zot:5    | Killed an ancient lich
 67100 | Zot:5    | Noticed an ancient lich
 67102 | Zot:5    | Killed an ancient lich
 67207 | Zot:5    | Noticed an ancient lich
 67209 | Zot:5    | Killed an ancient lich
 67215 | Zot:5    | Noticed an orb of fire
 67218 | Zot:5    | Gained mutation: Scrolls take you a little longer to read. [an orb of fire]
 67221 | Zot:5    | Killed an orb of fire
 67242 | Zot:5    | Noticed an ancient lich
 67257 | Zot:5    | Killed an ancient lich
 67282 | Zot:5    | Noticed an ancient lich
 67285 | Zot:5    | Killed an ancient lich
 67348 | Zot:5    | Noticed an orb of fire
 67349 | Zot:5    | Killed an orb of fire
 67629 | Zot:5    | Noticed an orb of fire
 67639 | Zot:5    | Killed an orb of fire
 67656 | Zot:5    | Lost mutation: You occasionally shout uncontrollably at your foes. [potion of mutation]
 67656 | Zot:5    | Lost mutation: Scrolls take you a little longer to read. [potion of mutation]
 67656 | Zot:5    | Lost mutation: You have large cloven feet. [potion of mutation]
 67656 | Zot:5    | Lost mutation: You are partially covered in molten scales. (AC +2) [potion of mutation]
 67656 | Zot:5    | Gained mutation: You evolve. [potion of mutation]
 67656 | Zot:5    | Gained mutation: You have a pair of small horns on your head. [potion of mutation]
 67656 | Zot:5    | Gained mutation: You have a pair of horns on your head. [potion of mutation]
 67656 | Zot:5    | Gained mutation: You are partially covered in slimy green scales. (AC +2) [potion of mutation]
 67658 | Zot:5    | Got the Orb of Zot
 67701 | Zot:5    | Noticed an ancient lich
 67703 | Zot:5    | Killed an ancient lich
 67886 | Depths:5 | Gained mutation: Scrolls take you a little longer to read. [a cacodemon]
 67944 | Depths:3 | Received a gift from Trog
 68162 | D:11     | Gained mutation: Scrolls take you longer to read. [a neqoxec]
 68164 | D:11     | Noticed Ydwaim the pandemonium lord
 68164 | D:11     | Gained mutation: Potions are less effective at restoring your health. [a neqoxec]
 68182 | D:11     | Noticed Jyzec the pandemonium lord
 68398 | D:5      | Found a hazy altar of Hepliaklqana.
 68452 | D:4      | Noticed Zaukleq the pandemonium lord
 68458 | D:4      | Killed Zaukleq the pandemonium lord
 68512 | D:3      | Noticed a seraph
 68558 | D:$      | Escaped with the Orb!

Skill      XL: |  1  2  3  4  5  6  7  8  9 10 11 12 13 14 15 16 17 18 19 20 21 22 23 24 25 26 27 |
---------------+----------------------------------------------------------------------------------+-----
Throwing       | 1 2 3 4 5 7 9 10 11 12 16 20 23 25 27 | 27.0
Fighting       | 3 4 5 6 7 8 9 10 11 22 | 22.2
Unarmed Combat | 4 5 6 7 8 10 11 12 13 14 17 20 23 25 27 | 27.0
Armour         | 4 8 10 11 12 | 12.0
Dodging        | 5 6 |  6.3
Shields        | 8 12 15 | 15.0
Stealth        | |  1.0

Action                   |  1- 3 |  4- 6 |  7- 9 | 10-12 | 13-15 | 16-18 | 19-21 | 22-24 | 25-27 || total
-------------------------+-------+-------+-------+-------+-------+-------+-------+-------+-------++-------
Melee: Unarmed           |    87 |   154 |   267 |   565 |  1249 |  2031 |  1501 |  1898 |  2525 || 10277
       Punch             |       |     2 |    12 |    39 |    90 |       |       |       |       ||   143
       Kick              |       |    23 |    88 |   209 |   521 |   846 |   674 |   715 |  1106 ||  4182
       Headbutt          |       |       |       |       |       |       |       |       |    12 ||    12
Throw: Stone             |     1 |       |       |       |       |       |       |       |       ||     1
       Javelin           |       |     9 |     7 |       |       |       |       |       |       ||    16
       Large rock        |       |       |       |    24 |    54 |    19 |     7 |     5 |   269 ||   378
Invok: Berserk           |       |       |       |     6 |     7 |     2 |     3 |     1 |       ||    19
       Brothers in Arms  |       |       |       |     3 |     1 |     2 |     4 |     3 |     1 ||    14
       Trog's Hand       |       |       |       |       |     3 |     2 |     7 |     7 |    13 ||    32
Evoke: Wand              |       |       |       |       |       |     1 |       |     2 |     4 ||     7
  Use: Scroll            |       |     9 |    13 |    10 |     8 |    19 |    16 |    14 |    14 ||   103
       Potion            |       |     1 |       |       |    10 |     3 |       |     9 |     5 ||    28
 Stab: Sleeping          |     6 |     2 |       |     2 |       |       |     4 |       |       ||    14
       Distracted        |       |       |     1 |       |       |     1 |     1 |       |       ||     3
       Invisible         |       |       |       |     1 |       |       |       |       |       ||     1
       Petrified         |       |       |       |       |       |     3 |       |       |       ||     3
       Petrifying        |       |       |       |       |       |     1 |       |       |       ||     1
       Held in net/web   |       |       |       |       |       |     1 |       |       |       ||     1
  Eat: Chunk             |    12 |    21 |    25 |    48 |    91 |    79 |    79 |    62 |   102 ||   519
       Fruit             |       |       |       |     7 |       |    22 |       |     2 |     1 ||    32
       Meat ration       |       |       |       |       |     2 |     3 |       |     8 |    10 ||    23
Armor: Robe              |    28 |    32 |       |       |       |       |       |       |       ||    60
       Troll leather arm |       |    40 |   121 |   159 |       |       |       |       |       ||   320
       Pearl dragon scal |       |       |       |   192 |   950 |   631 |   407 |   389 |   636 ||  3205
Dodge: Dodged            |    38 |    82 |   112 |   299 |   640 |   461 |   421 |   336 |   453 ||  2842
Block: Large shield      |       |       |       |       |   162 |  2376 |  1549 |  1550 |  2062 ||  7699
       Other             |       |       |       |       |    28 |       |       |       |       ||    28
       Reflection        |       |       |       |       |       |   311 |   105 |   106 |    67 ||   589
